 Dungeon Crawl Stone Soup version 0.20.1-1-g8b1a95d (webtiles) character file.

2426 baghtru the Cleaver (level 9, -4/90 HPs)
             Began as a Hill Orc Fighter on Aug 21, 2017.
             Was an Initiate of the Shining One.
             Slain by a wight
             ... wielding a +5 halberd
              (5 damage)
             ... on level 6 of the Dungeon.
             The game lasted 00:18:55 (4225 turns).

baghtru the Cleaver (Hill Orc Fighter)              Turns: 4225, Time: 00:18:55

Health: -4/90      AC:  9    Str: 22    XL:     9   Next: 48%
Magic:  9/9        EV:  5    Int: 10    God:    the Shining One [......]
Gold:   234        SH:  9    Dex: 10    Spells: 8/8 levels left

rFire    . . .     SeeInvis .   k - +2 hand axe (venom)
rCold    . . .     Gourm    .   c - +0 shield
rNeg     . . .     Faith    .   K - +0 chain mail
rPois    +         Spirit   .   (no helmet)
rElec    .         Reflect  .   (no cloak)
rCorr    .         Harm     .   (no gloves)
MR       .....     Rnd*Rage +   (no boots)
Stlth    ..........             (no amulet)
Regen    0.3/turn               n - ring of poison resistance
MPRegen  0.2/turn               (no ring)

@: hasted, glowing, heavily drained, very quick
A: berserk 1, clever 1, poison resistance, robust 1
a: Renounce Religion


You were on level 6 of the Dungeon.
You worshipped the Shining One.
The Shining One was noncommittal.
You were hungry.

You visited 2 branches of the dungeon, and saw 7 of its levels.
You also visited: Ossuary.

You collected 234 gold pieces.

Inventory:

Hand Weapons
 d - the +2 spear "Anih Ofy" {flame, rF++ Int+8 Dex-4 SInv}
   (You found it on level 5 of the Dungeon)

   It has been specially enchanted to burn those struck by it, causing extra
   injury to most foes and up to half again as much damage against particularly
   susceptible opponents.
   It affects your intelligence (+8).
   It affects your dexterity (-4).
   It greatly protects you from fire.
   It lets you see invisible.
 k - a +2 hand axe of venom (weapon)
Armour
 c - a +0 shield (worn)
 K - a +0 chain mail (worn)
Jewellery
 n - a ring of poison resistance (left hand)
 u - an uncursed ring of flight
Scrolls
 a - 4 scrolls of magic mapping
 e - a scroll of recharging {unknown}
 i - a scroll of enchant armour {unknown}
 p - 4 scrolls of teleportation
 r - 2 scrolls of blinking {unknown}
 s - 5 scrolls of remove curse
 v - 2 scrolls of amnesia {unknown}
 y - a scroll of fear {unknown}
 z - a scroll of fog {unknown}
 B - a scroll of enchant weapon {unknown}
 C - a scroll of immolation {unknown}
 D - a scroll of vulnerability {unknown}
Potions
 b - a potion of cancellation {unknown}
 g - 3 potions of flight
 h - 4 potions of haste
 j - 3 potions of curing
 m - 3 potions of agility
 q - a potion of resistance {unknown}
 w - a potion of lignification {unknown}
 E - a potion of mutation
 G - a potion of ambrosia {unknown}
 H - a potion of berserk rage {unknown}
 I - a potion of invisibility {unknown}
 J - a potion of brilliance {unknown}
Comestibles
 f - 3 bread rations
 o - 2 meat rations
 x - a royal jelly


   Skills:
 + Level 8.3(5.2) Fighting
 + Level 8.8(5.7) Axes
 + Level 7.4(4.4) Armour
 + Level 7.5(4.5) Shields


You had 8 spell levels left.
You didn't know any spells.

Dungeon Overview and Level Annotations

Branches:
Dungeon (6/15)             Temple (1/1) D:6

Altars:
Ashenzari
Cheibriados
Dithmenos
Elyvilon
Fedhas
Gozag
Kikubaaqudgha
Makhleb
Nemelex Xobeh
Qazlal
Xom
Yredelemnul
The Shining One


Innate Abilities, Weirdness & Mutations

You tend to lose your temper in combat.
Your mind is acute. (Int +2)
Your system is resistant to poisons. (rPois)
You are robust. (+10% HP)


Message History

The wight hits you with an enchanted halberd.
* * * LOW HITPOINT WARNING * * *
The wight barely misses you. The wight hits you with a war axe.
* * * LOW HITPOINT WARNING * * *
You feel drained.
* * * LOW HITPOINT WARNING * * *
Your chain mail prevents you from hitting the wight.
You hit the wight but do no damage. x2; The wight hits you but does no damage.
Unknown command.
It was a potion of mutation.
You feel extremely strange.
You feel clever.
You feel a little pissed off.
You feel robust.
You feel resistant to poisons. The wight hits you with a spear.
* * * LOW HITPOINT WARNING * * *
You feel drained.
* * * LOW HITPOINT WARNING * * *
The wight hits you with a war axe.
* * * LOW HITPOINT WARNING * * *
The wight hits you with an enchanted halberd.
You die...

.###....#......####.##.......####
...+.............................
####....#......#####.#........###
#....#......# #.#........#
#....######## #.#........#
#....######### #.#........###
#....)..z....# #.#........##.
##.#########z####..#######.##.
#......# #z@.....## #.##.
###z.z...# #z.......# #.##.
....z.....####....[(#.## #.##.
...........##......[)#..# #....
).....###.#....#...).##.# #..b.
......###..[[..#....)##.# #....
.....................##.## #....
...........#.###.....##..####....
..........#.#<..................


You could see 3 wights.

Vanquished Creatures
  A centaur zombie (Ossuary)
  Grinder (D:3)
  Sigmund (D:6)
  Duvessa (D:6)
  A sky beast (D:6)
  An ice beast (D:6)
  An ogre (D:4)
  A centaur (D:6)
  A bullfrog (D:6)
  A gnoll sergeant (D:6)
  A water moccasin zombie (Ossuary)
  Dowan (D:6)
  2 electric eels (D:3)
  2 wights (D:6)
  A crimson imp (D:5)
  A hound (D:6)
  An orc priest (D:6)
  A centaur skeleton (D:5)
  Jessica (D:3)
  A worker ant (D:5)
  Natasha (thrice) (D:3)
  An orc wizard (D:5)
  2 hound skeletons (D:4)
  3 hound zombies (Ossuary)
  13 mummies (Ossuary)
  3 worker ant zombies (Ossuary)
  6 gnolls
  9 adders
  3 shadow imps
  4 oozes
  5 adder zombies
  2 worms
  2 dart slugs
  A leopard gecko (D:3)
  11 orcs
  A ball python (D:3)
  7 bats
  2 giant cockroaches (D:3)
  6 goblins
  9 hobgoblins
  7 jackals (D:1)
  A quokka (D:6)
  A ball python zombie (Ossuary)
  2 frilled lizards
  2 jackal zombies (Ossuary)
  10 kobolds
  10 rats
  A withered plant (Ossuary)
149 creatures vanquished.

Vanquished Creatures (others)
  A withered plant (Ossuary)
1 creature vanquished.

Grand Total: 150 creatures vanquished

Notes
Turn   | Place    | Note
-------+----------+-------------------------------------------
     0 | D:1      | baghtru the Hill Orc Fighter began the quest for the Orb.
     0 | D:1      | Reached XP level 1. HP: 19/19 MP: 1/1
   324 | D:1      | Reached XP level 2. HP: 11/27 MP: 2/2
   411 | D:1      | Reached XP level 3. HP: 16/33 MP: 3/3
   692 | D:2      | Found a faded altar of an unknown god.
   737 | D:2      | Reached XP level 4. HP: 13/40 MP: 4/4
   753 | D:2      | Found a shadowy altar of Dithmenos.
   799 | D:2      | Found a sparkling altar of Nemelex Xobeh.
  1240 | D:3      | Found a transporter.
  1258 | D:3      | Found a transporter.
  1449 | D:3      | Reached XP level 5. HP: 46/47 MP: 5/5
  1461 | D:3      | Found an opulent altar of Gozag.
  1599 | D:3      | Noticed Jessica
  1601 | D:3      | Noticed Grinder
  1615 | D:3      | Killed Jessica
  1633 | D:3      | Paralysed by Grinder for 3 turns
  1637 | D:3      | Killed Grinder
  1637 | D:3      | Reached skill level 5 in Fighting
  1637 | D:3      | Reached XP level 6. HP: 12/56 MP: 6/6
  1649 | D:3      | Found a blossoming altar of Fedhas.
  1652 | D:3      | Found an ancient bone altar of Kikubaaqudgha.
  1674 | D:3      | Noticed Natasha
  1682 | D:3      | Killed Natasha
  1682 | D:3      | Reached skill level 5 in Axes
  1682 | D:3      | Reached skill level 5 in Shields
  1937 | D:3      | Found a snail-covered altar of Cheibriados.
  2004 | D:3      | Noticed Natasha
  2016 | D:3      | Killed Natasha
  2024 | D:3      | Noticed Natasha
  2032 | D:3      | Killed Natasha
  2032 | D:3      | Reached XP level 7. HP: 47/61 MP: 7/7
  2245 | D:3      | Reached skill level 5 in Armour
  2658 | D:5      | Entered Level 5 of the Dungeon
  2935 | D:5      | Found a sand-covered staircase.
  2944 | Ossuary  | Entered an ossuary
  2971 | Ossuary  | Reached XP level 8. HP: 55/70 MP: 8/8
  3407 | D:5      | Got a warped spear
  3408 | D:5      | Identified the +2 spear "Anih Ofy" {flame, rF++ Int+8 Dex-4 SInv} (You found it on level 5 of the Dungeon)
  3570 | D:5      | Found a shimmering altar of Xom.
  3796 | D:6      | Reached XP level 9. HP: 72/79 MP: 9/9
  3826 | D:6      | Noticed Duvessa
  3840 | D:6      | Killed Duvessa
  3905 | D:6      | Noticed Sigmund
  3905 | D:6      | Noticed Dowan
  3920 | D:6      | Killed Dowan
  3929 | D:6      | Killed Sigmund
  4084 | D:6      | Found a staircase to the Ecumenical Temple.
  4093 | Temple   | Entered the Ecumenical Temple
  4111 | Temple   | Became a worshipper of the Shining One
  4225 | D:6      | Gained mutation: Your mind is acute. (Int +2) [potion of mutation]
  4225 | D:6      | Gained mutation: You tend to lose your temper in combat. [potion of mutation]
  4225 | D:6      | Gained mutation: You are robust. (+10% HP) [potion of mutation]
  4225 | D:6      | Gained mutation: Your system is resistant to poisons. (rPois) [potion of mutation]
  4225 | D:6      | HP: 3/90 [wight/spear (6)]
  4225 | D:6      | HP: 1/90 [wight/war axe (1)]
  4225 | D:6      | Slain by a wight

Skill      XL: |  1  2  3  4  5  6  7  8  9 |
---------------+----------------------------+-----
Axes           | 3 4 5 6 8 |  8.8
Fighting       | 4 5 6 7 8 |  8.3
Shields        | 4 5 6 7 |  7.5
Armour         | 4 5 6 7 |  7.4

Action                   |  1- 3 |  4- 6 |  7- 9 || total
-------------------------+-------+-------+-------++-------
Melee: War axe           |    16 |       |       ||    16
       Hand axe          |    62 |   135 |   340 ||   537
       Spear             |       |       |    39 ||    39
Evoke: Wand              |       |       |     8 ||     8
  Use: Scroll            |       |       |     8 ||     8
       Potion            |       |       |     4 ||     4
  Eat: Chunk             |       |     4 |     5 ||     9
       Royal jelly       |       |       |     1 ||     1
Armor: Scale mail        |    34 |    36 |    84 ||   154
       Chain mail        |       |       |    19 ||    19
Dodge: Dodged            |    19 |    36 |    71 ||   126
Block: Shield            |    44 |    60 |   128 ||   232
